 Dungeon Crawl Stone Soup version 0.18-a0-329-g5b4d444 (webtiles) character file.

1348 Arkorax the Spear-Bearer (level 8, -2/69 HPs)
             Began as a Merfolk Gladiator on Nov 28, 2015.
             Splashed by a jelly's acid (9 damage)
             ... on level 6 of the Dungeon.
             The game lasted 00:05:51 (5412 turns).

Arkorax the Spear-Bearer (Merfolk Gladiator)        Turns: 5412, Time: 00:05:51

Health: -2/69      AC: -2    Str: 17    XL:     8   Next: 63%
Magic:  8/8        EV:  7    Int:  7    God:
Gold:   196        SH:  0    Dex: 15    Spells: 0 memorised, 7 levels left

rFire  . . .     SeeInvis +     a - +0 trident
rCold  . . .     Clarity  .     j - +0 ring mail
rNeg   . . .     SustAt   .     (no shield)
rPois  .         Gourm    .     c - +0 helmet
rElec  .         Spirit   .     (no cloak)
rCorr  .         Warding  .     (no gloves)
rMut   .         Stasis   .     (no boots)
MR     .....                    (no amulet)
Stlth  +.........               (no ring)
                                n - ring of see invisible

@: corroded equipment, not resistant to hostile enchantments, very unstealthy
A: change form in water, swift swim
a: no special abilities


You were on level 6 of the Dungeon.
You were not hungry.

You visited 1 branch of the dungeon, and saw 6 of its levels.

You collected 196 gold pieces.

Inventory:

Hand Weapons
 a - a +0 trident (weapon)
Missiles
 d - 3 throwing nets (quivered)
Armour
 b - a +0 leather armour
 c - a +0 helmet (worn)
 j - a +0 ring mail (worn)
Jewellery
 n - a ring of see invisible (left hand)
Wands
 y - a wand of enslavement (9)
 z - a wand of lightning (10)
Scrolls
 g - 2 scrolls of random uselessness {unknown}
 h - a scroll of teleportation {unknown}
 i - 3 scrolls of remove curse {unknown}
 k - 10 scrolls of identify {unknown}
 l - a scroll of magic mapping {unknown}
 m - a scroll of enchant armour {unknown}
 q - 5 scrolls of fog {unknown}
 s - 2 scrolls of fear {unknown}
 t - a scroll of noise {unknown}
Potions
 e - a potion of poison
 f - 7 potions of curing
 u - a potion of might {unknown}
 v - a potion of lignification {unknown}
 w - a potion of brilliance {unknown}
Comestibles
 o - 4 fruits
 p - 3 bread rations
 r - 2 meat rations
 A - a beef jerky


   Skills:
 + Level 8.3 Fighting
 + Level 10.9 Polearms
 - Level 2.0 Throwing
 - Level 4.0 Dodging


You had 7 spell levels left.
You didn't know any spells.

Dungeon Overview and Level Annotations

Branches:
Dungeon (6/15)
 Temple: D:4-7

Altars:
Ashenzari
Xom


Message History

The jelly completely misses you.
You hit the jelly.
Your hands burn!
The jelly is almost dead.
The worker ant zombie bites you.
You hit the jelly but do no damage.
Your hands burn!
The jelly is almost dead.
The jelly hits you but does no damage. The worker ant zombie bites you.
You hit the jelly but do no damage. The acid corrodes you!
Your hands burn!
The jelly is almost dead.
The jelly hits you.
* * * LOW HITPOINT WARNING * * *
You are splashed with acid!
The acid burns!
* * * LOW HITPOINT WARNING * * *
The worker ant zombie bites you.
* * * LOW HITPOINT WARNING * * *
There is a stone staircase leading up here.
The jelly hits you.
* * * LOW HITPOINT WARNING * * *
You are splashed with acid!
The acid burns!
You die...

####. ##+#....
#....#..
#....#.####
#....#.>..
#...@#..#
####J#..##.##
#.Z.......
#.........#.##
#.........#
#...........
###.......#.#
#........ #
#......###


You could see a jelly and a worker ant zombie.

Vanquished Creatures
  A two-headed ogre (D:5)
  Grinder (D:4)
  2 sky beasts
  A phantom (D:5)
  An ogre (D:5)
  A scorpion (D:4)
  A giant frog zombie (D:5)
  A jelly (D:5)
  2 orc priests
  2 centaur skeletons (D:5)
  4 orc wizards
  2 worker ants (D:4)
  7 gnolls
  9 adders
  An adder skeleton (D:4)
  5 worms
  9 orcs
  A ball python (D:3)
  3 giant cockroaches
  6 goblins
  6 hobgoblins
  4 jackals (D:3)
  3 quokkas (D:5)
  8 bats
  A giant cockroach zombie (D:5)
  2 giant geckos
  6 giant newts
  5 kobolds
  5 rats
100 creatures vanquished.

Notes
Turn   | Place    | Note
--------------------------------------------------------------
     0 | D:1      | Arkorax the Merfolk Gladiator began the quest for the Orb.
     0 | D:1      | Reached XP level 1. HP: 16/16 MP: 1/1
   424 | D:1      | Reached XP level 2. HP: 23/23 MP: 2/2
   726 | D:2      | Reached skill level 5 in Polearms
   762 | D:2      | Reached XP level 3. HP: 12/29 MP: 3/3
  1103 | D:2      | Reached XP level 4. HP: 36/36 MP: 4/4
  1448 | D:2      | Reached skill level 6 in Polearms
  1834 | D:3      | Reached XP level 5. HP: 42/42 MP: 5/5
  2447 | D:4      | Noticed Grinder
  2460 | D:4      | Paralysed by Grinder for 7 turns
  2479 | D:4      | Killed Grinder
  2479 | D:4      | Reached skill level 5 in Fighting
  2479 | D:4      | Reached skill level 7 in Polearms
  2479 | D:4      | Reached XP level 6. HP: 30/51 MP: 6/6
  2980 | D:4      | Reached skill level 8 in Polearms
  3067 | D:4      | Reached XP level 7. HP: 35/58 MP: 7/7
  3930 | D:5      | Entered Level 5 of the Dungeon
  3943 | D:4      | Reached skill level 9 in Polearms
  4238 | D:5      | Found a shimmering altar of Xom.
  4307 | D:5      | Reached XP level 8. HP: 49/67 MP: 8/8
  4315 | D:5      | Reached skill level 10 in Polearms
  4420 | D:5      | Found a shattered altar of Ashenzari.
  4979 | D:5      | Noticed a two-headed ogre
  4992 | D:5      | Killed a two-headed ogre
  5412 | D:6      | Splashed by a jelly's acid

Vault maps used:
D:1:      minmay_arrival_diagonal_passages
D:2:      roderic_aztec_sauvastika
D:3:      first_bread, supply_closet_lemuel, kennysheep_flooded_box, hex_tiny,
          minmay_liquid_box
D:4:      serial_glass, glass_columns_a, glass_columns_c, uniq_grinder
D:5:      ashenzari_altar_1, basic_altar
D:6:      kennysheep_big_flooded_room, lemuel_angel_altar

Action                   |  1- 3 |  4- 6 |  7- 9 || total
-------------------------+-------+-------+-------++-------
Melee: Trident           |    98 |   183 |   214 ||   495
  Use: Potion            |       |     5 |     1 ||     6
  Eat: Chunk             |       |     2 |     1 ||     3
       Bread ration      |       |     1 |     2 ||     3
       Fruit             |       |       |     1 ||     1
